[Event "Titled Tuesday Blitz November 08 Late 2022"]
[White "Adewumi, Tanitoluwa"]
[Black "Aqib Javaid Butt"]
[WhiteFideId "30966396"]
[BlackFideId "7801262"]
[WhiteElo "2550"]
[BlackElo "1659"]
[Result "1-0"]
[Round "01"]
[TimeControl "180+1"]
[Date "2022.11.09"]
[WhiteClock "0:00:15"]
[BlackClock "0:00:03"]

1. e4 c6 2. d4 d5 3. exd5 cxd5 4. Bd3 Nc6 5. c3 Nf6 6. h3 e6 7. Nf3 Bd6 8. O-O h6 9. Re1 Qc7 10. Qe2 Bf4 11. Bxf4 Qxf4 12. Ne5 Nxe5 13. dxe5 Nd7 14. g3 Qa4 15. Na3 O-O 16. Nb5 a6 17. Nd6 Qc6 18. Qg4 Nxe5 19. Nxc8 Nxg4 20. Ne7+ Kh8 21. Nxc6 Nxf2 22. Kxf2 bxc6 23. c4 Rab8 24. b3 Rb4 25. Rac1 a5 26. cxd5 cxd5 27. Rc5 a4 28. Rb5 Rb8 29. Rxb8+ Rxb8 30. bxa4 Ra8 31. Rb1 g6 32. Bb5 Kg7 33. Rb3 Kf6 34. Ra3 Ra5 35. Rc3 Ke5 36. Rc6 f5 37. Ra6 1-0


[Site "https://www.chess.com"]

[Event "Titled Tuesday Blitz November 08 Late 2022"]
[White "Aghasiyev, Kamal"]
[Black "Schuster, Karsten"]
[WhiteFideId "13402854"]
[BlackFideId "4611071"]
[WhiteElo "2341"]
[BlackElo "2294"]
[Result "1-0"]
[Round "01"]
[TimeControl "180+1"]
[Date "2022.11.09"]
[WhiteClock "0:01:26"]
[BlackClock "0:00:41"]

1. d4 d6 2. c4 Nf6 3. Nf3 g6 4. Nc3 Bg7 5. g3 O-O 6. Bg2 Nbd7 7. O-O c6 8. b3 e5 9. Ba3 Qe7 10. e3 Rd8 11. Qc2 a6 12. Rad1 Rb8 13. dxe5 Nxe5 14. Nxe5 Qxe5 15. Ne2 Bf5 16. Qc1 d5 17. Bb2 Qe7 18. Nd4 Be4 19. f3 Bf5 20. Nxf5 gxf5 21. Rfe1 dxc4 22. Rxd8+ Rxd8 23. Qxc4 Rd2 24. Bc3 Rxa2 25. b4 Ra4 26. Qb3 b5 27. e4 fxe4 28. fxe4 Nd7 29. e5 Nxe5 30. Bxc6 Kh8 31. Qd5 f6 32. Kg2 Ra3 33. Re3 Qc7 34. Bxe5 1-0


[Site "https://www.chess.com"]

[Event "Titled Tuesday Blitz November 08 Late 2022"]
[White "Aguilar, Juan"]
[Black "Mikhailov, Viacheslav"]
[WhiteFideId "3800091"]
[BlackFideId "4187369"]
[WhiteElo "2411"]
[BlackElo "2381"]
[Result "0-1"]
[Round "01"]
[TimeControl "180+1"]
[Date "2022.11.09"]
[WhiteClock "0:00:02"]
[BlackClock "0:00:53"]

1. d4 Nf6 2. c4 g6 3. Nc3 Bg7 4. e4 O-O 5. Nf3 d6 6. Be2 Bg4 7. Be3 Nc6 8. d5 Bxf3 9. gxf3 Ne5 10. f4 Ned7 11. h4 c6 12. h5 cxd5 13. cxd5 Qa5 14. Kf1 Rfc8 15. hxg6 hxg6 16. f5 Ne5 17. fxg6 fxg6 18. f4 Nc4 19. Bxc4 Rxc4 20. Qd3 Rac8 21. Rg1 Rxc3 22. bxc3 Rxc3 23. Qe2 Nxe4 24. Rxg6 Qxd5 25. Rd1 Rxe3 26. Rxd5 Rxe2 27. Rb5 Rf2+ 28. Kg1 Kf7 29. Rg2 Rxf4 30. Rc2 Bd4+ 31. Kg2 Rg4+ 32. Kf3 Nf6 33. Rxb7 Rh4 34. Rcc7 Nd5 35. Rc4 Rf4+ 36. Ke2 Bb6 37. Rxf4+ Nxf4+ 38. Kf3 Ne6 39. Rb8 Nc5 40. Ra8 e5 41. Ke2 Ke6 42. Rh8 d5 43. Rh4 d4 44. Kd2 Kd5 45. Rh8 e4 46. Rh5+ Kc4 47. Re5 Ba5+ 48. Kc2 d3+ 49. Kb2 Bc3+ 50. Kc1 Bxe5 0-1


[Site "https://www.chess.com"]

[Event "Titled Tuesday Blitz November 08 Late 2022"]
[White "Al-Tarboush, Ward"]
[Black "Polster, Christian"]
[WhiteFideId "7601450"]
[BlackFideId "12965081"]
[WhiteElo "2273"]
[BlackElo "2209"]
[Result "1-0"]
[Round "01"]
[TimeControl "180+1"]
[Date "2022.11.09"]
[WhiteClock "0:00:59"]
[BlackClock "0:00:19"]

1. e4 c5 2. Nf3 d6 3. d4 cxd4 4. Nxd4 Nf6 5. Nc3 a6 6. h3 e6 7. g4 Nfd7 8. Bg2 Be7 9. Be3 b5 10. Qd2 Bb7 11. O-O-O Ne5 12. Kb1 Nc4 13. Qe2 Nxe3 14. Qxe3 Nd7 15. f4 b4 16. Nce2 Qb6 17. Qg3 a5 18. e5 Bxg2 19. Qxg2 d5 20. f5 O-O 21. g5 exf5 22. Nxf5 Bc5 23. Rxd5 Rfd8 24. Rxd7 Rxd7 25. Qxa8+ Rd8 26. Qe4 a4 27. Qc4 Bg1 28. Nd6 Qb7 29. Nxb7 Rd1+ 30. Nc1 Be3 31. Qc8+ Rd8 32. Qxd8# 1-0


[Site "https://www.chess.com"]

[Event "Titled Tuesday Blitz November 08 Late 2022"]
[White "Alfaro, William"]
[Black "Lewtak, Damian"]
[WhiteFideId "6100457"]
[BlackFideId "1141724"]
[WhiteElo "2096"]
[BlackElo "2329"]
[Result "0-1"]
[Round "01"]
[TimeControl "180+1"]
[Date "2022.11.09"]
[WhiteClock "0:01:52"]
[BlackClock "0:01:35"]

1. Nf3 b6 2. g3 Bb7 3. Bg2 g6 4. O-O Bg7 5. d3 d6 6. e4 Nd7 7. Re1 e5 8. Nbd2 a5 9. Nc4 Ne7 10. Bg5 h6 11. Bd2 g5 12. h4 gxh4 13. Nxh4 h5 14. Ne3 Bf6 15. Nhf5 Nxf5 16. Nxf5 Bg5 17. f4 Bf6 18. Qf3 Nc5 19. c3 Ne6 20. Rf1 exf4 21. gxf4 Qd7 22. Qe3 O-O-O 23. e5 dxe5 24. fxe5 Rdg8 25. Rf3 Bg5 26. Qe2 Bxd2 27. Raf1 Nf4 0-1


[Site "https://www.chess.com"]

[Event "Titled Tuesday Blitz November 08 Late 2022"]
[White "Ali Abdullahi, Farah"]
[Black "Sebag, Marie"]
[WhiteFideId "16100212"]
[BlackFideId "617822"]
[WhiteElo "2254"]
[BlackElo "2440"]
[Result "1/2-1/2"]
[Round "01"]
[TimeControl "180+1"]
[Date "2022.11.09"]
[WhiteClock "0:00:12"]
[BlackClock "0:00:08"]

1. b3 e5 2. Bb2 Nc6 3. e3 d5 4. Bb5 Ne7 5. Bxe5 a6 6. Bxc6+ Nxc6 7. Bb2 Qg5 8. Qf3 Bg4 9. Qf4 Qxf4 10. exf4 O-O-O 11. f3 Re8+ 12. Kf2 Bc5+ 13. Kg3 Bf5 14. d3 h5 15. h4 Nd4 16. Nc3 Nxc2 17. Rd1 Ne3 18. Rc1 Bxd3 19. Nxd5 Nf5+ 20. Kh3 Bd6 21. Be5 c6 22. Bxd6 Nxd6 23. Nb6+ Kc7 24. Nc4 Nxc4 25. bxc4 Rd8 26. Kg3 Rd4 27. c5 Re8 28. Nh3 Re2 29. Rhd1 Rd5 30. Ng5 f6 31. Nf7 Rxa2 32. Nd6 Re2 33. Rc3 Bc2 34. Rc1 Rdd2 35. f5 Rxg2+ 36. Kf4 a5 37. Ne8+ Kd8 38. Nxg7 Rxg7 39. R3xc2 Rxc2 40. Rxc2 Kc7 41. Ra2 b6 42. cxb6+ Kxb6 43. Ke4 c5 44. Kd5 Re7 45. Kd6 Re5 46. Rb2+ Ka6 47. Kc6 Rxf5 48. Rb8 Ka7 49. Rb5 Rxf3 50. Rxa5+ Kb8 51. Rxc5 Rf4 52. Rxh5 f5 53. Kd5 Kc7 54. Ke5 Ra4 55. Kxf5 Kd7 56. Kg6 Ke7 57. Rh7+ Kf8 58. h5 Ra6+ 59. Kg5 Kg8 60. Rb7 Ra5+ 61. Kg6 Ra6+ 62. Kg5 Ra5+ 63. Kg4 Ra4+ 64. Kg5 Ra5+ 1/2-1/2


[Site "https://www.chess.com"]

[Event "Titled Tuesday Blitz November 08 Late 2022"]
[White "Ambartsumova, Karina"]
[Black "De Souza, Cristiano Gomes"]
[WhiteFideId "4166299"]
[BlackFideId "2151758"]
[WhiteElo "2319"]
[BlackElo "2068"]
[Result "1/2-1/2"]
[Round "01"]
[TimeControl "180+1"]
[Date "2022.11.09"]
[WhiteClock "0:00:06"]
[BlackClock "0:00:07"]

1. c4 Nf6 2. Nf3 g6 3. g3 Bg7 4. Bg2 O-O 5. O-O d6 6. d4 Nc6 7. Nc3 Bf5 8. d5 Na5 9. Nd2 c5 10. dxc6 Nxc6 11. e4 Be6 12. b3 a6 13. Bb2 Rc8 14. h3 Bd7 15. f4 Ne8 16. Na4 b5 17. Bxg7 Nxg7 18. Nb2 Qb6+ 19. Kh2 Qd4 20. Rb1 Na5 21. Qe2 bxc4 22. Nbxc4 Nxc4 23. Nxc4 Bb5 24. Rbc1 Bxc4 25. bxc4 Rc7 26. Rfd1 Qb6 27. e5 dxe5 28. Qxe5 Ne6 29. f5 Rc5 30. Rd5 Rxd5 31. cxd5 Nd4 32. fxg6 hxg6 33. Qxe7 Qb2 34. Rf1 Nf5 35. Rxf5 gxf5 36. d6 Qb8 37. d7 Qd8 38. Qd6 Kg7 39. h4 Qf6 40. Qd2 Rd8 41. Bb7 f4 42. Bc8 fxg3+ 43. Kxg3 Qg6+ 44. Kh3 Qf5+ 45. Kh2 Kf6 46. Qd6+ Qe6 47. Qf4+ Qf5 48. Qd6+ Kg7 49. Qe7 Qf6 50. Qe4 Qg6 51. Qe5+ Qf6 52. Qe4 Qe6 53. Qd4+ Qf6 54. Qg4+ Qg6 55. Qd4+ Qf6 56. Qg4+ Qg6 57. Qd4+ Qf6 1/2-1/2


[Site "https://www.chess.com"]

[Event "Titled Tuesday Blitz November 08 Late 2022"]
[White "Andreikin, Dmitry"]
[Black "Zhang, Derek"]
[WhiteFideId "4158814"]
[BlackFideId "2087871"]
[WhiteElo "2736"]
[BlackElo "2087"]
[Result "1-0"]
[Round "01"]
[TimeControl "180+1"]
[Date "2022.11.08"]
[WhiteClock "0:00:55"]
[BlackClock "0:00:02"]

1. e4 e6 2. d4 d5 3. Nc3 Bb4 4. e5 c5 5. a3 Bxc3+ 6. bxc3 Qa5 7. Bd2 Ne7 8. h4 Nbc6 9. h5 h6 10. Qg4 Nf5 11. Bd3 Nce7 12. Qf4 c4 13. Be2 Nc6 14. Nf3 Bd7 15. g4 Nfe7 16. Nh4 Rg8 17. a4 O-O-O 18. f3 Rdf8 19. Qg3 f6 20. exf6 Rxf6 21. f4 Rgf8 22. Nf3 Kb8 23. Ne5 Bc8 24. Ng6 Nxg6 25. f5+ Ka8 26. fxg6 Re8 27. g5 hxg5 28. Qxg5 e5 29. h6 Rf5 30. Qg2 gxh6 31. g7 Rg8 32. Rxh6 exd4 33. Rh8 Qd8 34. Rxg8 Qxg8 35. O-O-O Rf7 36. Rg1 Ne7 37. cxd4 Nf5 38. Qxd5 Nxg7 39. Bxc4 Be6 40. Qxe6 1-0


[Site "https://www.chess.com"]

[Event "Titled Tuesday Blitz November 08 Late 2022"]
[White "Arbunic Castro, Giovanna"]
[Black "Krishnan, Varun"]
[WhiteFideId "3400549"]
[BlackFideId "5054508"]
[WhiteElo "1878"]
[BlackElo "2533"]
[Result "0-1"]
[Round "01"]
[TimeControl "180+1"]
[Date "2022.11.09"]
[WhiteClock "0:00:08"]
[BlackClock "0:01:14"]

1. e4 e5 2. d4 exd4 3. Qxd4 Nc6 4. Qe3 d6 5. Nc3 Nf6 6. Bd2 Be7 7. f3 O-O 8. O-O-O Be6 9. g4 d5 10. exd5 Nxd5 11. Nxd5 Qxd5 12. c4 Qc5 13. Qxc5 Bxc5 14. Ne2 Bxc4 15. Nc3 Bxf1 16. Rhxf1 Rad8 17. Ne4 Bd4 18. Bg5 f6 19. Bf4 Be5 20. Be3 b6 21. Ng3 Nb4 22. f4 Bd6 23. a3 Rde8 24. Nf5 Na6 25. Bg1 Re2 26. Nxd6 cxd6 27. Rxd6 Rc8+ 28. Kd1 Rxb2 29. g5 Rb1+ 30. Ke2 Rc2+ 31. Kd3 Rxf1 32. Kxc2 Rxg1 33. gxf6 gxf6 34. Rxf6 Rg2+ 35. Kc3 Rxh2 0-1


[Site "https://www.chess.com"]

[Event "Titled Tuesday Blitz November 08 Late 2022"]
[White "Arnold, Ken"]
[Black "Darini, Pouria"]
[WhiteFideId "2056836"]
[BlackFideId "12502200"]
[WhiteElo "2319"]
[BlackElo "2483"]
[Result "0-1"]
[Round "01"]
[TimeControl "180+1"]
[Date "2022.11.09"]
[WhiteClock "0:00:20"]
[BlackClock "0:01:16"]

1. d4 Nf6 2. c4 g6 3. Nc3 d5 4. cxd5 Nxd5 5. e4 Nxc3 6. bxc3 Bg7 7. Be3 c5 8. Bc4 Qa5 9. Qd2 Nc6 10. Ne2 O-O 11. Rd1 b5 12. Bd5 Bb7 13. O-O Rad8 14. Bxc6 Bxc6 15. d5 Qa3 16. Qc1 Qxc1 17. Rxc1 Ba8 18. Bxc5 Rd7 19. Nd4 Rc8 20. Bb4 a6 21. a4 Rc4 22. axb5 Bxd4 23. cxd4 Rxb4 24. Rc8+ Kg7 25. Rxa8 axb5 26. Rd1 e6 27. dxe6 Rdxd4 28. Rf1 fxe6 29. Ra7+ Kh6 30. f3 Rb2 31. Kh1 Rdd2 32. Rg1 b4 33. Ra6 b3 34. Rxe6 Rbc2 35. Rb6 b2 36. h4 Rc1 37. Rxb2 Rxg1+ 38. Kxg1 Rxb2 0-1


[Site "https://www.chess.com"]

[Event "Titled Tuesday Blitz November 08 Late 2022"]
[White "Barria Santos, Jose Guilherme"]
[Black "Kosakowski, Jakub"]
[WhiteFideId "1939300"]
[BlackFideId "1185080"]
[WhiteElo "2273"]
[BlackElo "2463"]
[Result "0-1"]
[Round "01"]
[TimeControl "180+1"]
[Date "2022.11.09"]
[WhiteClock "0:00:01"]
[BlackClock "0:00:15"]

1. d4 Nf6 2. c4 g6 3. Nc3 d5 4. Nf3 Bg7 5. Qb3 dxc4 6. Qxc4 O-O 7. e4 a6 8. e5 b5 9. Qb3 Nfd7 10. e6 fxe6 11. Be3 Nb6 12. h4 Rxf3 13. gxf3 Nc6 14. Rd1 Nxd4 15. Bxd4 Bxd4 16. Bh3 Qd6 17. Ne4 Qe5 18. Rg1 Nc4 19. Rg5 Qg7 20. a4 h6 21. axb5 Nxb2 22. Bxe6+ Kh7 23. Bxc8 Nxd1 24. Bb7 Rb8 25. bxa6 Nxf2 26. Rd5 Nxe4 27. fxe4 Bb6 28. Rd3 Rf8 29. Rf3 Qa1+ 30. Ke2 Rxf3 31. Kxf3 Qf1+ 32. Kg4 h5+ 33. Kg3 Qg1+ 34. Kf4 Qf2+ 35. Ke5 Qf6+ 36. Kd5 Qf7+ 37. Ke5 Qxb3 0-1


[Site "https://www.chess.com"]

[Event "Titled Tuesday Blitz November 08 Late 2022"]
[White "Barria Zuniga, Daniel"]
[Black "Bach, Matthias"]
[WhiteFideId "3400816"]
[BlackFideId "4603168"]
[WhiteElo "2414"]
[BlackElo "2165"]
[Result "1-0"]
[Round "01"]
[TimeControl "180+1"]
[Date "2022.11.09"]
[WhiteClock "0:00:58"]
[BlackClock "0:01:48"]

1. d4 d6 2. Nf3 Bd7 3. c4 Qc8 4. Nc3 Nc6 5. d5 Nd8 6. e4 f6 7. Be2 g6 8. O-O Bg7 9. Nd4 Nh6 10. Be3 O-O 11. h3 c5 12. Nc2 Ndf7 13. Qd2 f5 14. f4 fxe4 15. Nxe4 Bxh3 16. gxh3 Qxh3 17. Rf3 Qf5 18. Ng3 Qf6 19. b3 Ng4 20. Kg2 Nfh6 21. Rh1 Qb2 22. Ne1 Nxe3+ 23. Qxe3 Ng4 24. Qe6+ Rf7 25. Qxg4 1-0


[Site "https://www.chess.com"]

[Event "Titled Tuesday Blitz November 08 Late 2022"]
[White "Baskakov, Egor"]
[Black "Mazurkiewicz, Michal"]
[WhiteFideId "24197866"]
[BlackFideId "1124943"]
[WhiteElo "2211"]
[BlackElo "2063"]
[Result "0-1"]
[Round "01"]
[TimeControl "180+1"]
[Date "2022.11.09"]
[WhiteClock "0:00:51"]
[BlackClock "0:00:05"]

1. e4 d6 2. g3 Nf6 3. Bg2 g6 4. Ne2 Bg7 5. O-O O-O 6. d4 c6 7. c4 e5 8. Nbc3 Nbd7 9. h3 Re8 10. Re1 exd4 11. Nxd4 Nc5 12. Nb3 Be6 13. Qe2 Nxb3 14. axb3 Qb6 15. Ra3 a5 16. Be3 Qc7 17. Raa1 Nd7 18. Rac1 Nc5 19. Qc2 Qb6 20. Bxc5 Qxc5 21. Kh2 Rab8 22. Qd1 Qxf2 23. Qxd6 Bxh3 24. Kxh3 Be5 25. Qd3 Rbd8 26. Qf3 Qxb2 27. Na4 Qd2 28. Qe3 Qb4 29. Rcd1 b5 30. cxb5 cxb5 31. Nb6 Bd4 32. Rxd4 Rxd4 33. Rf1 Qd6 34. Qf3 Qf8 35. Nd5 Qh6+ 36. Kg4 f5+ 37. Qxf5 gxf5+ 38. Rxf5 Rexe4+ 39. Bxe4 Rxe4+ 40. Kf3 Re6 41. Nf4 Rf6 42. Rxb5 Qh1+ 43. Kg4 Qd1+ 44. Kh4 Qh1+ 45. Kg4 Qd1+ 46. Kh4 Qd8 47. Kh3 Rf7 48. Rd5 Qc8+ 49. Kg2 Qb7 50. Kh2 Rxf4 51. Rg5+ Kh8 52. gxf4 Qxb3 53. Rxa5 Qb2+ 54. Kh1 Qc1+ 55. Kg2 Qd2+ 56. Kh3 Qxa5 0-1


[Site "https://www.chess.com"]

[Event "Titled Tuesday Blitz November 08 Late 2022"]
[White "Bazeev, German"]
[Black "Leschinsky, Gary"]
[WhiteFideId "24119350"]
[BlackFideId "30951321"]
[WhiteElo "2493"]
[BlackElo "1855"]
[Result "1-0"]
[Round "01"]
[TimeControl "180+1"]
[Date "2022.11.09"]
[WhiteClock "0:00:17"]
[BlackClock "0:00:04"]

1. d4 d5 2. Nf3 Nf6 3. c4 c6 4. Qc2 g6 5. Bf4 dxc4 6. Qxc4 Bg7 7. e3 O-O 8. Nbd2 Be6 9. Qc2 Nbd7 10. Be2 c5 11. O-O Rc8 12. Qa4 a6 13. Rac1 Qb6 14. Qa3 Nh5 15. Bg5 f6 16. Bh4 g5 17. Bxg5 fxg5 18. Nxg5 cxd4 19. Bxh5 dxe3 20. Nxe6 exd2 21. Rxc8 Rxc8 22. Nxg7 Rc1 23. Qd3 Kxg7 24. Qxd2 Rxf1+ 25. Kxf1 Nf6 26. Bf3 Qc5 27. g3 b5 28. Kg2 b4 29. Qe2 a5 30. b3 Kf8 31. h4 Kg7 32. g4 Nd7 33. Qe6 Ne5 34. Qf5 Qd6 35. Be4 Ng6 36. Kh3 Qd4 37. h5 Qc3+ 38. f3 Nf8 39. Qg5+ Kf7 40. Qf5+ Kg7 41. Qxa5 Qe1 42. Qg5+ Kf7 43. Qf4+ Kg7 44. Qg3 Qh1+ 45. Qh2 Qf1+ 46. Qg2 Qa1 47. g5 Ne6 48. h6+ Kf7 49. Qg4 Qh1+ 50. Kg3 Qg1+ 51. Kh4 Qh2+ 52. Qh3 Qf2+ 53. Qg3 Qxg3+ 54. Kxg3 Nxg5 55. Bf5 Kf6 56. Kg4 Nf7 57. Bxh7 Nxh6+ 58. Kf4 Nf7 59. Bc2 Nd6 60. Ke3 Ke5 61. f4+ Kd5 62. Bd1 Kc5 63. Bf3 Nf5+ 64. Ke4 Nd4 65. Bh5 Nb5 66. Ke5 Nc3 67. Ke6 Nxa2 68. Kxe7 Nc1 69. f5 Nd3 70. f6 Ne5 71. f7 Nxf7 72. Bxf7 Kd4 73. Bc4 Kc3 74. Kf6 1-0


[Site "https://www.chess.com"]

[Event "Titled Tuesday Blitz November 08 Late 2022"]
[White "Besedes, Danilo"]
[Black "Barash, Anton"]
[WhiteFideId "946796"]
[BlackFideId "30935229"]
[WhiteElo "2352"]
[BlackElo "2276"]
[Result "1-0"]
[Round "01"]
[TimeControl "180+1"]
[Date "2022.11.09"]
[WhiteClock "0:01:53"]
[BlackClock "0:01:08"]

1. e4 e6 2. d3 d5 3. Nd2 c5 4. Ngf3 Nc6 5. b3 Nf6 6. Bb2 Be7 7. g3 O-O 8. Bg2 d4 9. a4 e5 10. O-O Ne8 11. Nc4 f6 12. Nfd2 Be6 13. f4 a6 14. Nf3 Qc7 15. Bc1 b5 16. Nb2 c4 17. axb5 axb5 18. Rxa8 1-0


[Site "https://www.chess.com"]

[Event "Titled Tuesday Blitz November 08 Late 2022"]
[White "Bilan, Danila"]
[Black "Shapiro, Bryan"]
[WhiteFideId "24161918"]
[BlackFideId "2087740"]
[WhiteElo "2173"]
[BlackElo "1884"]
[Result "0-1"]
[Round "01"]
[TimeControl "180+1"]
[Date "2022.11.09"]
[WhiteClock "0:00:03"]
[BlackClock "0:00:05"]

1. d4 Nf6 2. Nf3 e6 3. g3 b6 4. Bg2 Bb7 5. O-O Be7 6. c4 O-O 7. d5 exd5 8. Nh4 Ne4 9. cxd5 Nd6 10. Nf3 Re8 11. Nc3 Bf6 12. Re1 Ne4 13. Qd3 Nxc3 14. bxc3 d6 15. e4 Nd7 16. Nd4 g6 17. Bb2 Nc5 18. Qc2 Qd7 19. Nb3 Na4 20. Rad1 Nxb2 21. Qxb2 a5 22. Nd4 a4 23. f4 Bg7 24. Qb4 Ra5 25. a3 h5 26. h4 Rc5 27. Kh2 Re7 28. Bh3 Qe8 29. Bg2 Bxd5 30. e5 Bxg2 31. Kxg2 dxe5 32. fxe5 Rcxe5 33. Rxe5 Rxe5 34. Qc4 Rc5 35. Qd3 Qd7 36. Rf1 Qd5+ 37. Kh2 Rc4 38. Re1 Bxd4 39. cxd4 Qxd4 40. Qf3 Qc3 41. Re3 Qc2+ 42. Kh3 Qf5+ 43. Qxf5 gxf5 44. Re5 Rc5 45. Re3 Kg7 46. Kg2 Kf6 47. Kf3 Re5 48. Rc3 c5 49. Rd3 Ke6 50. Kf4 Re4+ 51. Kg5 Rg4+ 52. Kxh5 c4 53. Re3+ Kf6 54. Kh6 Re4 55. Rf3 Re8 56. Kh7 Rc8 57. Rc3 b5 58. h5 b4 59. axb4 a3 60. Rxa3 c3 61. Ra1 c2 62. Rc1 Kg5 63. Kg7 f6 64. h6 Rc7+ 65. Kf8 Kxh6 66. b5 Kg5 67. b6 Rb7 68. Rxc2 Rxb6 69. Rc3 Rb7 70. Kg8 Kg4 71. Kf8 Rd7 72. Ke8 Rh7 73. Kf8 Rh3 74. Kf7 Rxg3 75. Rc4+ Kg5 76. Rc6 Ra3 77. Rc5 Ra6 78. Kg7 Kg4 79. Kg6 f4 80. Rc4 Kg3 81. Kf5 f3 82. Rc3 Kg2 83. Kf4 f2 84. Rg3+ Kf1 85. Rb3 Kg2 86. Rg3+ Kf1 87. Rb3 Ra2 88. Kf3 Kg1 89. Kg3 f1=Q 90. Re3 Qg2+ 91. Kf4 Qf2+ 92. Ke4 Ra4+ 93. Kd3 Qf1+ 94. Kd2 Ra2+ 95. Kc3 Qc1+ 96. Kd4 Qd2+ 97. Rd3 Ra4+ 98. Kc5 Qxd3 99. Kb6 Qd6+ 100. Kb5 Rb4+ 101. Ka5 Qb6# 0-1


[Site "https://www.chess.com"]

[Event "Titled Tuesday Blitz November 08 Late 2022"]
[White "Bluebaum, Matthias"]
[Black "Koutlas, Nikolaos"]
[WhiteFideId "24651516"]
[BlackFideId "25827138"]
[WhiteElo "2633"]
[BlackElo "2167"]
[Result "1-0"]
[Round "01"]
[TimeControl "180+1"]
[Date "2022.11.08"]
[WhiteClock "0:02:32"]
[BlackClock "0:02:08"]

1. d4 Nf6 2. c4 g6 3. Nc3 c5 4. d5 e5 5. e4 d6 6. Be2 Bg7 7. h4 h6 8. h5 g5 9. g4 b5 10. cxb5 a6 11. f3 Qa5 12. Bd2 Nfd7 13. a4 Qb4 14. Qc2 axb5 15. Nxb5 1-0


[Site "https://www.chess.com"]

[Event "Titled Tuesday Blitz November 08 Late 2022"]
[White "Bortnyk, Olexandr"]
[Black "Hamley, Ryan"]
[WhiteFideId "14120828"]
[BlackFideId "30959497"]
[WhiteElo "2723"]
[BlackElo "2528"]
[Result "1-0"]
[Round "01"]
[TimeControl "180+1"]
[Date "2022.11.08"]
[WhiteClock "0:00:03"]
[BlackClock "0:00:02"]

1. d4 Nf6 2. Nc3 d5 3. Bf4 c5 4. e4 dxe4 5. dxc5 Nbd7 6. b4 e5 7. Be3 Be7 8. Bc4 O-O 9. h3 a5 10. a3 Qc7 11. Nge2 b6 12. Bd5 Bb7 13. Nb5 Qc8 14. Bxb7 Qxb7 15. Nd6 Qc7 16. Nf5 Rfe8 17. Nxe7+ Rxe7 18. Qd6 Qxd6 19. cxd6 Re6 20. Rd1 Rc8 21. c3 Rc6 22. O-O Rexd6 23. Rxd6 Rxd6 24. c4 Rd3 25. c5 bxc5 26. bxc5 Nd5 27. c6 Nf8 28. Rb1 f5 29. Rb8 Kf7 30. Rb7+ Kg6 31. c7 Nxc7 32. Rxc7 f4 33. Rc6+ Kf7 34. Bb6 Rxa3 35. Nc3 Ra1+ 36. Kh2 Re1 37. Bxa5 e3 38. fxe3 Rxe3 39. Rc7+ Kg6 40. Rc6+ Kf7 41. Bb6 Rd3 42. Ne4 Ne6 43. Nf2 Rd2 44. Ne4 Ra2 45. Bg1 f3 46. Bf2 fxg2 47. Kxg2 Nf4+ 48. Kf3 h6 49. h4 Ra3+ 50. Kg4 h5+ 51. Kf5 g6+ 52. Kg5 Nh3+ 53. Kh6 Nxf2 54. Nxf2 Rf3 55. Ne4 Rf4 56. Nd6+ Ke7 57. Kxg6 Rxh4 58. Nf5+ Kd7 59. Rd6+ Kc7 60. Rd1 Rg4+ 61. Kxh5 Rg2 62. Rc1+ Kb6 63. Ne3 Rg3 64. Nc4+ Kb5 65. Nxe5 Kb4 66. Nc6+ Kb3 67. Nd4+ Kb2 68. Rc8 Rg1 69. Rb8+ Ka3 70. Ne6 Rg2 71. Ng5 Ka4 72. Kg6 Ka5 73. Kf5 Ka6 74. Ne4 Ka7 75. Rb1 Ka6 76. Ke5 Re2 77. Kd5 Rc2 78. Nc5+ Ka5 79. Kc6 Rc3 80. Rb5# 1-0


[Site "https://www.chess.com"]

[Event "Titled Tuesday Blitz November 08 Late 2022"]
[White "Boyer, Mahel"]
[Black "Bernat, David"]
[WhiteFideId "45102422"]
[BlackFideId "2099225"]
[WhiteElo "2454"]
[BlackElo "2340"]
[Result "1-0"]
[Round "01"]
[TimeControl "180+1"]
[Date "2022.11.09"]
[WhiteClock "0:02:24"]
[BlackClock "0:02:29"]

1. e4 c5 2. Nf3 g6 3. d4 cxd4 4. c3 Bg7 5. Bc4 e6 6. O-O Ne7 7. cxd4 d5 8. exd5 Nxd5 9. Bg5 Qb6 10. Bxd5 exd5 11. Nc3 Be6 12. Re1 O-O 13. Na4 Qd6 14. Qd2 Nc6 15. Rac1 Rac8 16. h3 Qb4 17. Qxb4 Nxb4 18. Nc5 Rxc5 19. Rxc5 1-0


[Site "https://www.chess.com"]

[Event "Titled Tuesday Blitz November 08 Late 2022"]
[White "Brown, Andrew"]
[Black "O`Gorman, Tom"]
[WhiteFideId "3206513"]
[BlackFideId "2508249"]
[WhiteElo "2245"]
[BlackElo "2271"]
[Result "1-0"]
[Round "01"]
[TimeControl "180+1"]
[Date "2022.11.09"]
[WhiteClock "0:00:11"]
[BlackClock "0:00:15"]

1. d4 Nf6 2. c4 g6 3. Nc3 Bg7 4. g3 O-O 5. Bg2 d6 6. e4 Nc6 7. Nge2 e5 8. d5 Nd4 9. Be3 Nxe2 10. Qxe2 Ng4 11. Bd2 f5 12. h3 Nf6 13. exf5 gxf5 14. O-O Kh8 15. f4 Qe7 16. Rfe1 e4 17. Be3 Bd7 18. Rac1 Rg8 19. Kh2 Be8 20. Qf2 Bf7 21. Bd4 Nh5 22. Bxe4 fxe4 23. Nxe4 Qf8 24. Ng5 h6 25. Ne6 Bxe6 26. Rxe6 Nf6 27. f5 Qf7 28. Qf4 Kh7 29. Rce1 Rae8 30. Qe3 Ref8 31. Re7 Qh5 32. Qf4 Kh8 33. Rxc7 Qg5 34. Qxg5 hxg5 35. Ree7 g4 36. hxg4 Nxg4+ 37. Kh3 Bxd4 38. Rh7# 1-0


[Site "https://www.chess.com"]

[Event "Titled Tuesday Blitz November 08 Late 2022"]
[White "Burke, Paul"]
[Black "Manelyuk, Daniil"]
[WhiteFideId "2605767"]
[BlackFideId "44173920"]
[WhiteElo "1796"]
[BlackElo "2209"]
[Result "1-0"]
[Round "01"]
[TimeControl "180+1"]
[Date "2022.11.09"]
[WhiteClock "0:00:44"]
[BlackClock "0:00:02"]

1. e4 e6 2. d4 d5 3. e5 c5 4. Qg4 Nc6 5. Nf3 cxd4 6. Bd3 Qc7 7. O-O Nxe5 8. Nxe5 Qxe5 9. Bf4 Qf6 10. Bg5 Qe5 11. Bf4 Nf6 12. Qg3 Qh5 13. Bb5+ Bd7 14. Bxd7+ Kxd7 15. Qb3 b6 16. Qb5+ Kd8 17. Na3 Rc8 18. Qa6 e5 19. Bg3 Bxa3 20. Qxa3 Nd7 21. Qd6 Rc5 22. Rfe1 f6 23. b4 Rxc2 24. Qxd5 Ke7 25. Qxd4 Rd8 26. Rad1 Rc6 27. Qd5 Re6 28. f4 Qf5 29. fxe5 fxe5 30. Bh4+ Kf7 31. Rf1 Qxf1+ 32. Rxf1+ 1-0


[Site "https://www.chess.com"]

[Event "Titled Tuesday Blitz November 08 Late 2022"]
[White "Cabarkapa, Novak"]
[Black "Dudzinski, Pawel"]
[WhiteFideId "943746"]
[BlackFideId "1117890"]
[WhiteElo "2390"]
[BlackElo "2086"]
[Result "1-0"]
[Round "01"]
[TimeControl "180+1"]
[Date "2022.11.09"]
[WhiteClock "0:00:50"]
[BlackClock "0:00:08"]

1. e4 c6 2. Nc3 d5 3. Qe2 dxe4 4. Nxe4 Bf5 5. d3 Nf6 6. Nxf6+ gxf6 7. g3 e6 8. Bg2 Bc5 9. Nf3 Nd7 10. Nh4 Bg6 11. f4 Qe7 12. f5 exf5 13. Qxe7+ Kxe7 14. Bd2 f4 15. Bxf4 Bd6 16. Bxd6+ Kxd6 17. O-O Rhe8 18. Rae1 Re5 19. Nf3 Re7 20. Rxe7 Kxe7 21. Nd4 Ne5 22. Nb3 Rd8 23. Nc5 b6 24. Ne4 Bxe4 25. Bxe4 h6 26. Rf5 c5 27. Rh5 Rh8 28. Kg2 Kf8 29. c3 Kg7 30. d4 cxd4 31. cxd4 Nc4 32. b3 Nd6 33. Bf3 Rc8 34. Rd5 Rc2+ 35. Kh3 Rc3 36. Bg2 Nb7 37. Rd7 Na5 38. Bd5 Rc2 39. Rxf7+ Kg6 40. Rxa7 Rxa2 41. b4 Rd2 42. bxa5 Rxd4 43. Bf7+ Kg5 44. axb6 Rb4 45. b7 Rxb7 46. Rxb7 1-0


[Site "https://www.chess.com"]

[Event "Titled Tuesday Blitz November 08 Late 2022"]
[White "Chernomordik, Pavel"]
[Black "Zakhartsov, Vladimir"]
[WhiteFideId "2804530"]
[BlackFideId "4145097"]
[WhiteElo "2192"]
[BlackElo "2525"]
[Result "0-1"]
[Round "01"]
[TimeControl "180+1"]
[Date "2022.11.09"]
[WhiteClock "0:00:19"]
[BlackClock "0:00:27"]

1. e4 c5 2. Nc3 Nc6 3. Bb5 Nd4 4. Bc4 g6 5. Nge2 Nc6 6. f4 Bg7 7. O-O e6 8. e5 d5 9. exd6 Qxd6 10. Ne4 Qe7 11. d3 Nf6 12. N2c3 O-O 13. Re1 b6 14. Nxf6+ Qxf6 15. Ne4 Qd8 16. c3 Bb7 17. Be3 Ne7 18. Bf2 Nf5 19. a4 Qc7 20. Qc1 Nd6 21. Ba2 Qc6 22. Bh4 f5 23. Bxe6+ Kh8 24. Be7 Rfe8 25. Bxd6 Rxe6 26. Be5 Bxe5 27. fxe5 fxe4 28. Rxe4 Rxe5 29. Qf4 Rxe4 30. dxe4 Qxe4 31. Qf2 Qf5 32. Qg3 Re8 33. Rf1 Qd5 34. h3 Kg8 35. Kh2 Qe5 0-1


[Site "https://www.chess.com"]